 Dungeon Sprint DCSS version 0.31.0-12-g77e489cdc1 (webtiles) character file.

Game seed: 12313186041254061059

4900000 Kallu the Axe Maniac (level 25, -21/214 HPs)
             Began as a Djinni Warper on Feb 14, 2024.
             Was the Champion of Makhleb.
             Demolished by a destroyer
             ... wielding a +9 heavy great sword
              (235 damage)
             ... in the Dungeon (Sprint VIII: "Arena of Blood").
             The game lasted 00:02:01 (49 turns).

Kallu the Axe Maniac (Djinni Warper)                  Turns: 49, Time: 00:02:01

Health: -21/214    AC:  6    Str: 10    XL:     25   Next: 50%
Gold:   0          EV: 30    Int: 21    God:    Makhleb [******] SH:  0 Dex: 19

rFire   + + .        h - +∞ Axe of Woe
rCold   x . .        (shield currently unavailable)
rNeg    . . .        a - +0 leather armour
rPois   ∞            (no helmet)
rElec   .            (no cloak)
rCorr   .            (no gloves)
SInv    +            (boots unavailable)
Will    ++...        (no amulet)
Stlth   ++++++++++   i - ring of see invisible
HPRegen 0.55/turn    (no ring)
MPRegen 0.00/turn

%: no teleportation, infuse magic (-22 HP)
@: flying
A: sickness immunity, fire resistance 2, cold vulnerability 1, float, innate
caster, HP casting, extra vitality 1
a: Renounce Religion, Minor Destruction, Lesser Servant of Makhleb, Major
Destruction, Greater Servant of Makhleb


You were in the Dungeon.
You worshipped Makhleb.
Makhleb was exalted by your worship.
You visited 1 branch

Inventory:

Hand Weapons
 h - the +∞ Axe of Woe (weapon)
   (You found it in the Dungeon)
Missiles
 c - 7 darts of dispersal (quivered)
Armour
 a - a +0 leather armour (worn)
Jewellery
 i - a ring of see invisible (left hand)
Scrolls
 b - 2 scrolls of blinking
Potions
 d - a potion of curing
 e - a potion of heal wounds
 f - a potion of haste
 g - a potion of berserk rage


   Skills:
 O Level 27 Fighting
 + Level 16.1(18.9) Short Blades
 + Level 16.1(18.9) Long Blades
 O Level 27 Axes
 + Level 14.9(24.1) Maces & Flails
 + Level 14.9(24.1) Polearms
 + Level 16.1(21.1) Staves
 + Level 14.9 Ranged Weapons
 O Level 27 Throwing
 O Level 27 Armour
 O Level 27 Dodging
 O Level 27 Stealth
 + Level 17.5 Shields
 O Level 27 Unarmed Combat
 O Level 27 Spellcasting
 O Level 27 Conjurations
 O Level 27 Hexes
 O Level 27 Summonings
 O Level 27 Necromancy
 O Level 27 Translocations
 O Level 27 Fire Magic
 O Level 27 Ice Magic
 O Level 27 Air Magic
 O Level 27 Earth Magic
 O Level 27 Alchemy
 + Level 17.5 Invocations
 + Level 17.5 Evocations
 + Level 14.9 Shapeshifting


You knew the following spells:

 Your Spells              Type           Power      Damage    Failure   Level
a - Blink                 Tloc           100%       N/A       0%          2
b - Lesser Beckoning      Tloc           100%       N/A       0%          2
c - Teleport Other        Tloc           96%        N/A       0%          3
d - Manifold Assault      Tloc           96%        N/A       0%          4
e - Vhi's Electric Charg  Tloc/Air       100%       N/A       0%          4
f - Foxfire               Conj/Fire      100%       2x1d9     0%          1
g - Call Imp              Summ           100%       N/A       0%          2
h - Jinxbite              Hex            100%       N/A       0%          2
i - Frozen Ramparts       Ice            100%       1d16      0%          3
j - Sticky Flame          Fire/Alch      96%        2d14      0%          4
k - Metabolic Englaciati  Hex/Ice        48%        N/A       0%          5
l - Plasma Beam           Fire/Air       48%        2x1d62    0%          6
m - Summon Cactus Giant   Summ           48%        N/A       0%          6
n - Malign Gateway        Summ/Tloc      48%        N/A       0%          7
o - Infestation           Necr           48%        N/A       1%          8
p - Discord               Hex            48%        N/A       1%          8
q - Fire Storm            Conj/Fire      48%        8d12      1%          9
Your spell library was empty.

Dungeon Overview and Level Annotations

Branches:
Dungeon (1/1)

Altars:
Makhleb

Annotations:
D The Servant


Innate Abilities, Weirdness & Mutations

You are immune to sickness and miasma.
You are immune to poison.
Your flesh is very heat resistant. (rF++)
You are vulnerable to cold. (rC-)
You float through the air rather than walking.
You learn spells naturally, not from books.
Your magical power is your life essence.
You have superior vitality. (+4 MHP)


Message History

Makhleb accepts your kill.
You hit the bag of meat but do no damage.
You cleave the bag of meat in twain.
You kill the bag of meat!
Makhleb accepts your kill.
You slash the bag of meat!
You butcher the bag of meat messily.
You kill the bag of meat!
Makhleb accepts your kill.
Your death scarab bites the destroyer!!
A destroyer comes into view. It is wielding a +9 heavy great sword.
The destroyer casts a spell at you.
The destroyer blinks!
Your base Short Blades skill gained 2 levels and is now at level 16!
Your base Long Blades skill gained 2 levels and is now at level 16!
Your base Maces & Flails skill increases to level 14!
Your base Polearms skill increases to level 14!
Your base Staves skill gained 2 levels and is now at level 16!
Your Ranged Weapons skill increases to level 14!
Your Shields skill increases to level 17!
Your Invocations skill increases to level 17!
Your Evocations skill increases to level 17!
Your Shapeshifting skill increases to level 14!
Unknown command.
Unknown command.
Unknown command.
Your death scarab bites The Servant!!
Your death scarab drains The Servant's vigour!
The Servant seems to slow down.
Your death scarab draws strength from The Servant's injuries!
Your death scarab bites the sculptor of flesh!
Your death scarab drains the sculptor of flesh's vigour!
The sculptor of flesh seems to slow down.
Your death scarab bites The Servant!
Your death scarab drains The Servant's vigour!
The Servant seems to slow down.
Your death scarab draws strength from The Servant's injuries!
A destroyer comes into view. It is wielding a +9 heavy great sword.
The destroyer hits you with a +9 heavy great sword!!!!!
Ouch! That really hurt!
You die...

################
####..V.)o)V)......
#......@)O)Vo..V...
.......z##)##o#####
....§.BL@))Oo..o....
.####..)oB##o##..o..
....V.).)..ooo..o..
#.o...z))))#o#).V..
#...V...).)...O.o..
V#.......))........
..#.........o...O..


You could see a tyrant, The Servant (distracted, slow, ally target), 6
destroyers, 2 sculptors of flesh, a meat berserker (berserk), 5 bags of meat and
2 friendly death scarabs.

Vanquished Creatures
  3 vampire knights (D)
  21 ogres (D)
  2 two-headed ogres (D)
  36 orcs (D)
  A skeletal warrior (D)
63 creatures vanquished.

Notes
Turn   | Place    | Note
-------+----------+-------------------------------------------
     0 | D        | Found the +∞ Axe of Woe
     0 | D        | Kallu the Djinni Warper began the quest for the Orb.
     0 | D        | Kallu set off with the following spells memorised: Blink,
                  | Lesser Beckoning, Teleport Other, Manifold Assault, Vhi's
                  | Electric Charge.
     0 | D        | Reached XP level 1. HP: 18/18 MP: 0/0
     2 | D        | Noticed a meat berserker
     2 | D        | Noticed a bag of meat
     4 | D        | Became a worshipper of Makhleb the Destroyer
     4 | D        | Noticed a meat berserker
     4 | D        | Noticed a meat berserker
     5 | D        | Noticed a meat berserker
     6 | D        | Killed a meat berserker
     7 | D        | Reached XP level 2. HP: 23/23 MP: 0/0
     7 | D        | Reached XP level 3. HP: 28/28 MP: 0/0
     7 | D        | Learned a level 1 spell: Foxfire
     7 | D        | Reached XP level 4. HP: 33/33 MP: 0/0
     7 | D        | Reached XP level 5. HP: 38/38 MP: 0/0
     7 | D        | Learned a level 2 spell: Call Imp
     7 | D        | Reached XP level 6. HP: 43/43 MP: 0/0
     7 | D        | Reached XP level 7. HP: 49/49 MP: 0/0
     7 | D        | Learned a level 2 spell: Jinxbite
     7 | D        | Reached XP level 8. HP: 54/54 MP: 0/0
     7 | D        | Reached XP level 9. HP: 58/58 MP: 0/0
     7 | D        | Learned a level 3 spell: Frozen Ramparts
     7 | D        | Reached XP level 10. HP: 64/64 MP: 0/0
     7 | D        | Reached XP level 11. HP: 68/68 MP: 0/0
     7 | D        | Learned a level 4 spell: Sticky Flame
     7 | D        | Reached XP level 12. HP: 74/74 MP: 0/0
     7 | D        | Noticed a meat berserker
     8 | D        | Killed a meat berserker
     8 | D        | Reached * piety under Makhleb
     9 | D        | Reached skill level 27 in Axes
     9 | D        | Reached XP level 13. HP: 13/94 MP: 0/0
     9 | D        | Learned a level 5 spell: Metabolic Englaciation
     9 | D        | Noticed a meat berserker
     9 | D        | Noticed a meat berserker
     9 | D        | Noticed a meat berserker
     9 | D        | Noticed a meat berserker
     9 | D        | Noticed a meat berserker
    10 | D        | Killed a meat berserker
    11 | D        | Reached XP level 14. HP: 17/121 MP: 0/0
    11 | D        | Noticed a bag of meat
    11 | D        | Noticed a bag of meat
    11 | D        | Noticed a bag of meat
    11 | D        | Noticed a bag of meat
    11 | D        | Noticed a bag of meat
    11 | D        | Noticed a bag of meat
    11 | D        | Noticed a large bag of meat
    12 | D        | Killed a meat berserker
    12 | D        | Noticed a meat berserker
    13 | D        | Reached XP level 15. HP: 21/139 MP: 0/0
    13 | D        | Learned a level 6 spell: Plasma Beam
    13 | D        | Reached ** piety under Makhleb
    14 | D        | Killed a meat berserker
    14 | D        | Killed a meat berserker
    15 | D        | Reached skill level 27 in Fighting
    15 | D        | Reached XP level 16. HP: 56/154 MP: 0/0
    15 | D        | Killed a meat berserker
    15 | D        | Reached *** piety under Makhleb
    15 | D        | Killed a meat berserker
    16 | D        | Reached XP level 17. HP: 128/160 MP: 0/0
    16 | D        | Learned a level 6 spell: Summon Cactus Giant
    16 | D        | Killed a meat berserker
    16 | D        | Killed a meat berserker
    16 | D        | Reached **** piety under Makhleb
    17 | D        | Noticed a large bag of meat
    17 | D        | Killed a large bag of meat
    17 | D        | Noticed a meat berserker
    17 | D        | Noticed a meat berserker
    17 | D        | Noticed a meat berserker
    17 | D        | Noticed a meat berserker
    18 | D        | Reached skill level 27 in Spellcasting
    18 | D        | Reached skill level 27 in Conjurations
    18 | D        | Reached skill level 27 in Hexes
    18 | D        | Reached skill level 27 in Summonings
    18 | D        | Reached skill level 27 in Necromancy
    18 | D        | Reached skill level 27 in Translocations
    18 | D        | Reached skill level 27 in Fire Magic
    18 | D        | Reached skill level 27 in Ice Magic
    18 | D        | Reached skill level 27 in Air Magic
    18 | D        | Reached skill level 27 in Earth Magic
    18 | D        | Reached skill level 27 in Alchemy
    18 | D        | Reached XP level 18. HP: 141/167 MP: 0/0
    19 | D        | Noticed a meat berserker
    19 | D        | Reached ***** piety under Makhleb
    20 | D        | Reached skill level 5 in Armour
    20 | D        | Killed a meat berserker
    21 | D        | Reached XP level 19. HP: 132/174 MP: 0/0
    21 | D        | Learned a level 7 spell: Malign Gateway
    21 | D        | Killed a meat berserker
    21 | D        | Killed a meat berserker
    21 | D        | Reached ****** piety under Makhleb
    21 | D        | Noticed a meat berserker
    22 | D        | Reached skill level 27 in Dodging
    22 | D        | Reached skill level 27 in Unarmed Combat
    22 | D        | Reached XP level 20. HP: 169/181 MP: 0/0
    22 | D        | Noticed a meat berserker
    22 | D        | Killed a meat berserker
    22 | D        | Killed a large bag of meat
    22 | D        | Noticed a meat berserker
    22 | D        | Noticed a meat berserker
    23 | D        | Reached XP level 21. HP: 172/187 MP: 0/0
    23 | D        | Learned a level 8 spell: Infestation
    28 | D        | Killed a meat berserker
    29 | D        | Reached skill level 27 in Armour
    29 | D        | Killed a meat berserker
    30 | D        | Reached skill level 27 in Throwing
    30 | D        | Reached XP level 22. HP: 194/194 MP: 0/0
    31 | D        | Killed a meat berserker
    32 | D        | Reached skill level 5 in Short Blades
    32 | D        | Reached skill level 5 in Long Blades
    32 | D        | Reached skill level 5 in Maces & Flails
    32 | D        | Reached skill level 5 in Polearms
    32 | D        | Reached skill level 5 in Staves
    32 | D        | Reached skill level 5 in Ranged Weapons
    32 | D        | Reached skill level 5 in Stealth
    32 | D        | Reached skill level 5 in Shapeshifting
    32 | D        | Noticed a destroyer
    33 | D        | Killed a meat berserker
    34 | D        | Noticed a destroyer
    34 | D        | Noticed a meat berserker
    35 | D        | Noticed a meat berserker
    37 | D        | Killed a meat berserker
    37 | D        | Killed a meat berserker
    37 | D        | Noticed The Servant
    37 | D        | Noticed a destroyer
    38 | D        | Reached skill level 10 in Shields
    38 | D        | Reached skill level 10 in Invocations
    38 | D        | Reached skill level 10 in Evocations
    38 | D        | Reached XP level 23. HP: 201/201 MP: 0/0
    38 | D        | Learned a level 8 spell: Discord
    41 | D        | Noticed a destroyer
    42 | D        | Noticed a destroyer
    43 | D        | Reached skill level 27 in Stealth
    43 | D        | Reached XP level 24. HP: 208/208 MP: 0/0
    43 | D        | Noticed a destroyer
    44 | D        | Killed a destroyer
    45 | D        | Noticed a destroyer
    46 | D        | Noticed a tyrant
    46 | D        | Killed a destroyer
    48 | D        | Reached XP level 25. HP: 214/214 MP: 0/0
    48 | D        | Learned a level 9 spell: Fire Storm
    48 | D        | Killed a destroyer
    48 | D        | Noticed a destroyer
    49 | D        | Noticed a destroyer
    49 | D        | Noticed a destroyer
    49 | D        | Demolished by a destroyer

Illustrated notes

Levels and vault maps discovered:
D:        meatsprint

Skill      XL: |  1  2  3  4  5  6  7  8  9 10 11 12 13 14 15 16 17 18 19 20 21 22 23 24 25 |
---------------+----------------------------------------------------------------------------+-----
Axes           | 24 27 | 27.0
Fighting       | 9 18 23 27 | 27.0
Spellcasting   | 14 21 27 | 27.0
Conjurations   | 14 21 27 | 27.0
Hexes          | 14 21 27 | 27.0
Summonings     | 14 21 27 | 27.0
Necromancy     | 14 21 27 | 27.0
Translocations | 14 21 27 | 27.0
Fire Magic     | 14 21 27 | 27.0
Ice Magic      | 14 21 27 | 27.0
Air Magic      | 14 21 27 | 27.0
Earth Magic    | 14 21 27 | 27.0
Alchemy        | 14 21 27 | 27.0
Throwing       | 3 6 12 20 27 | 27.0
Armour         | 4 7 14 24 27 | 27.0
Dodging        | 14 22 27 | 27.0
Unarmed Combat | 12 20 27 | 27.0
Short Blades   | 9 14 16 | 16.1
Long Blades    | 9 14 16 | 16.1
Maces & Flails | 9 13 14 | 14.9
Polearms       | 9 13 14 | 14.9
Staves         | 9 14 16 | 16.1
Ranged Weapons | 9 13 14 | 14.9
Stealth        | 9 27 | 27.0
Shields        | 10 16 17 | 17.5
Invocations    | 10 16 17 | 17.5
Evocations     | 10 16 17 | 17.5
Shapeshifting  | 9 13 14 | 14.9

Action                     |  1- 3 |  4- 6 |  7- 9 | 10-12 | 13-15 | 16-18 | 19-21 | 22-24 | 25-27 || total
---------------------------+-------+-------+-------+-------+-------+-------+-------+-------+-------++-------
  Melee: Executioner's axe |     1 |       |       |     1 |     4 |     5 |     4 |    12 |     1 ||    28
   Cast: Vhi's Electric Ch |       |       |       |       |       |     2 |     1 |       |       ||     3
         Infestation       |       |       |       |       |       |       |     1 |     2 |       ||     3
         Manifold Assault  |       |       |       |       |       |       |       |     1 |       ||     1
 Armour: Leather armour    |       |       |       |     1 |       |     4 |     6 |     7 |     1 ||    19
  Dodge: Dodged            |       |       |       |       |       |       |       |     3 |       ||     3
